 Dungeon Crawl Stone Soup version 0.19-a0-347-g6bb00b2 (webtiles) character file.

48672 namelastname112 the Arsonist (level 14, -11/84 HPs)
             Began as a Deep Elf Wizard on May 29, 2016.
             Was a High Priest of Vehumet.
             Killed by divine providence
             ... invoked by an orc priest
              (17 damage)
             ... on level 2 of the Orcish Mines.
             The game lasted 01:00:49 (24896 turns).

namelastname112 the Arsonist (Deep Elf Wizard)     Turns: 24896, Time: 01:00:50

Health: -11/84     AC:  7    Str:  4    XL:     14   Next: 13%
Magic:  6/42       EV: 20    Int: 29    God:    Vehumet [*****.]
Gold:   934        SH:  2    Dex: 13    Spells: 6 memorised, 23 levels left

rFire  . . .     SeeInvis .     u - +3 short sword (elec)
rCold  . . .     Gourm    .     a - +0 robe
rNeg   . . .     Faith    .     (no shield)
rPois  .         Spirit   .     F - +0 hat
rElec  .         Dismiss  .     Q - +0 cloak
rCorr  .         Reflect  .     L - +0 pair of gloves
SustAt .         Harm     .     K - +0 pair of boots
MR     +....     Clarity  +     (no amulet)
Stlth  ++........               k - ring of wizardry
                                w - ring of magical power

@: hasted, very quick, somewhat resistant to hostile enchantments, unstealthy
A: large bone plates 1, clarity
a: Renounce Religion


You were on level 2 of the Orcish Mines.
You worshipped Vehumet.
Vehumet was extremely pleased with you.
You were not hungry.

You visited 2 branches of the dungeon, and saw 17 of its levels.

You collected 1533 gold pieces.

Inventory:

Hand Weapons
 u - a +3 short sword of electrocution (weapon)
Armour
 a - a +0 robe (worn)
 q - a +0 buckler
 F - a +0 hat (worn)
 K - a +0 pair of boots (worn)
 L - a +0 pair of gloves (worn)
 Q - a +0 cloak (worn)
Magical Staves
 G - an uncursed staff of wizardry
Jewellery
 f - an uncursed ring of ice {unknown}
 k - a ring of wizardry (right hand)
 n - a cursed -2 ring of slaying {unknown}
 w - a ring of magical power (left hand)
 B - a +3 ring of dexterity {unknown}
 P - a cursed -2 ring of evasion {unknown}
Wands
 b - a wand of flame (20/48)
 e - a wand of random effects (21/48)
 o - a wand of flame (17/48)
 E - a wand of flame (29/48)
 I - a wand of acid (1/15)
Scrolls
 i - a scroll of recharging
 m - 2 scrolls of enchant weapon
 y - 9 scrolls of remove curse
 A - a scroll of magic mapping
 N - a scroll of brand weapon
Potions
 g - 3 potions of flight
 h - a potion of resistance
 j - 2 potions of might
 r - 4 potions of lignification
 t - 2 potions of curing
 z - a potion of brilliance
Books
 c - a book of Minor Magic

   Spells                             Type                      Level
   a - Magic Dart                     Conjuration                  1
   b - Blink                          Translocation                2
   c - Call Imp                       Summoning                    2
   d - Repel Missiles                 Charms/Air                   2
   e - Slow                           Hexes                        2
   f - Conjure Flame                  Conjuration/Fire             3
   g - Mephitic Cloud                 Conjuration/Poison/Air       3
 x - a book of Flames

   Spells                             Type                      Level
   a - Flame Tongue                   Conjuration/Fire             1
   b - Throw Flame                    Conjuration/Fire             2
   c - Conjure Flame                  Conjuration/Fire             3
   d - Inner Flame                    Hexes/Fire                   3
   e - Sticky Flame                   Conjuration/Fire             4
   f - Fireball                       Conjuration/Fire             5
 J - a book of Conjurations

   Spells                             Type                      Level
   a - Magic Dart                     Conjuration                  1
   b - Searing Ray                    Conjuration                  2
   c - Dazzling Spray                 Conjuration/Hexes            3
   d - Fulminant Prism                Conjuration/Hexes            4
   e - Iskenderun's Mystic Blast      Conjuration                  4
   f - Iskenderun's Battlesphere      Conjuration/Charms           5
 M - a book of Ice

   Spells                             Type                      Level
   a - Ice Form                       Ice/Transmutation            4
   b - Metabolic Englaciation         Hexes/Ice                    5
   c - Ozocubu's Refrigeration        Ice                          6
   d - Bolt of Cold                   Conjuration/Ice              6
   e - Freezing Cloud                 Conjuration/Ice/Air          6
   f - Simulacrum                     Ice/Necromancy               6
 O - a book of Air

   Spells                             Type                      Level
   a - Shock                          Conjuration/Air              1
   b - Swiftness                      Charms/Air                   2
   c - Repel Missiles                 Charms/Air                   2
   d - Static Discharge               Conjuration/Air              3
   e - Lightning Bolt                 Conjuration/Air              5
Comestibles
 d - 13 bread rations
 l - 18 royal jellies
 v - 2 slices of pizza
 D - 4 chunks of flesh


   Skills:
 + Level 8.6 Fighting
 + Level 12.5 Dodging
 - Level 2.4 Stealth
 * Level 2.0 Shields
 + Level 13.9 Spellcasting
 + Level 12.0 Conjurations
   Level 1.1 Summonings
 - Level 1.1 Translocations
 + Level 14.0 Fire Magic


You had 23 spell levels left.
You knew the following spells:

 Your Spells              Type           Power        Failure   Level  Hunger
a - Repel Missiles        Chrm/Air       ###...       1%          2    None
c - Conjure Flame         Conj/Fire      #######.     1%          3    None
d - Fireball              Conj/Fire      #######...   1%          5    None
s - Sticky Flame          Conj/Fire      #######.     1%          4    None
x - Blink                 Tloc           N/A          1%          2    None
z - Magic Dart            Conj           ####         1%          1    None


Dungeon Overview and Level Annotations

Branches:
Dungeon (15/15)            Temple (0/1) D:5            Lair (0/8) D:8
    Orc (2/2) D:10            Elf (0/3) Orc:2        Vaults (0/5) D:13
 Depths: D:15

Altars:
Cheibriados
Dithmenos
Elyvilon
Fedhas
Hepliaklqana
Kikubaaqudgha
Makhleb
Okawaru
Ru
Sif Muna
Trog
Ukayaw
Vehumet
Xom
Zin
The Shining One

Shops:
Orc:1 }   Orc:2 *[:(

Annotations:
Orc:2 Rupert


Innate Abilities, Weirdness & Mutations

You are partially covered in large bone plates. (AC +2, SH +2)
You possess an exceptional clarity of mind.


Message History

The orc high priest prays to Beogh.
The orc high priest closely misses you.
The orc sorcerer gestures wildly while chanting. 2 orc warriors come into view.
You now have 6/42 mp.
Read which item? (? for menu, Esc to quit)
Okay, then.
Drink which item? (? for menu, Esc to quit)
You feel yourself speed up.
The orc warrior shouts!
The orc warrior throws a tomahawk.
You block the tomahawk.
The orc warrior moves out of view.
The orc high priest hits you from afar with a vampiric halberd!
* * * LOW HITPOINT WARNING * * *
The orc priest invokes the aid of Beogh against you.
Beogh smites you!
* * * LOW HITPOINT WARNING * * *
The orc priest calls down the wrath of Beogh upon you.
Beogh smites you!
You die...

....# ....# ....#
. . ....# #. ..
....# #.. #.... ##
$...#
#...#######...# ∩#
....#
........(....# ∩.#
....#
.............#...#
.....
.......@oo.o.#..#
)...
.........4.o.4.#
...
.......⌠.ooooo##
...
.........4o4...#
...
.o.........4.#o.##
.).
...o.........#..o#
....
.............##3.#
....
#...#######o..##∩#
.... #....###


You could see an orc knight, 2 orc high priests, 2 orange demons, a hellwing, an
ice devil, a sixfirhy, an orc sorcerer, 4 orc warriors, 3 orc priests and 3
orcs.

Vanquished Creatures
  Maud (Orc:2)
  A yaktaur captain (D:13)
  Harold (D:12)
  A hydra (D:14)
  3 centaur warriors
  3 death knights
  A tengu warrior (D:10)
  An orc high priest (Orc:2)
  An unseen horror (D:12)
  8 hill giants
  4 orc knights
  A phantasmal warrior (D:13)
  A wolf spider zombie (D:14)
  4 ugly things
  2 orc sorcerers (Orc:2)
  2 deep elf magi
  4 cyclopes
  A manticore (D:11)
  Maurice (Orc:1)
  Joseph (D:7)
  A gargoyle (D:14)
  4 kobold demonologists (D:14)
  A komodo dragon (D:12)
  2 yaktaurs (D:13)
  2 freezing wraiths (D:9)
  A tengu conjurer (D:10)
  2 queen bees
  Grinder (D:4)
  3 two-headed ogres
  10 trolls
  An air elemental (Orc:2)
  4 shadows
  A spriggan (D:8)
  2 wyverns
  7 yaks
  4 wraiths
  Eustachio (D:4)
  4 hippogriffs
  3 hungry ghosts
  6 vampire mosquitoes
  Menkaure (D:4)
  2 nagas (D:12)
  A warg (Orc:1)
  2 mottled dragons (D:11)
  3 water moccasins
  Duvessa (D:7)
  21 orc warriors
  3 sky beasts
  3 ice beasts
  A black bear (D:10)
  4 phantoms
  2 eyes of draining
  A wasp (D:11)
  13 ogres
  A necrophage (D:13)
  13 centaurs
  2 crocodiles
  9 big kobolds
  7 giant frogs
  4 gnoll sergeants
  Dowan (D:7)
  5 jellies
  8 scorpions
  45 killer bees
  23 wights
  4 howler monkeys
  3 crimson imps
  2 giant frog zombies
  2 quasits
  6 centaur zombies
  11 hounds
  23 orc priests
  2 centaur skeletons
  A giant frog skeleton (D:12)
  Ijyb (D:3)
  An iguana (D:10)
  19 orc wizards
  8 worker ants
  A killer bee zombie (D:9)
  2 sheep (D:14)
  A hound zombie (D:6)
  A hound skeleton (D:8)
  2 worker ant zombies (D:5)
  12 gnolls
  18 adders
  2 river rats (D:8)
  3 shadow imps
  An ooze (D:1)
  6 worms
  2 dart slugs
  5 giant geckos
  92 orcs
  9 bats
  4 giant cockroaches
  5 goblins
  9 hobgoblins
  11 jackals
  38 kobolds
  3 quokkas
  3 ball pythons
  A giant gecko skeleton (D:5)
  7 giant newts
  2 jackal skeletons
  A quokka skeleton (D:4)
  6 rats
  14 bushes (D:9)
622 creatures vanquished.

Vanquished Creatures (collateral kills)
  A centaur warrior (D:12)
  A big kobold (D:12)
2 creatures vanquished.

Vanquished Creatures (others)
  An orc knight (D:12)
  An orc (D:12)
  6 fungi (D:8)
  2 plants (D:8)
10 creatures vanquished.

Grand Total: 634 creatures vanquished

Notes
Turn   | Place    | Note
--------------------------------------------------------------
     0 | D:1      | namelastname112 the Deep Elf Wizard began the quest for the Orb.
     0 | D:1      | Reached XP level 1. HP: 10/10 MP: 7/7
     0 | D:1      | epen: короче
     8 | D:1      | epen: кидай мне лучший саунд из пони айленда
   131 | D:1      | namelastname112: там вообще один трек по-моему
   131 | D:1      | namelastname112: лол
   131 | D:1      | epen: вангую кольцо шума
   201 | D:1      | Reached XP level 2. HP: 15/15 MP: 4/9
   243 | D:1      | Found a shimmering altar of Xom.
   300 | D:1      | epen: самое частое кольцо, которое я нахожу на д1
   301 | D:1      | epen: это кольцо шума
  1011 | D:2      | Reached XP level 3. HP: 20/20 MP: 6/11
  1053 | D:2      | Learned a level 2 spell: Blink
  1056 | D:2      | Learned a level 2 spell: Repel Missiles
  1060 | D:2      | Learned a level 3 spell: Conjure Flame
  1064 | D:2      | Learned a level 3 spell: Mephitic Cloud
  1120 | D:2      | Reached skill level 5 in Spellcasting
  1158 | D:2      | epen: Имя
  1163 | D:1      | epen: А есть ещё фильмы
  1269 | D:2      | epen: типа того что вчера давал?
  1359 | D:2      | namelastname112: чужого блять посмотри
  1392 | D:2      | epen: неплохой вариант
  1394 | D:2      | epen: короче
  1405 | D:2      | epen: давай
  1411 | D:2      | epen: я в магаз
  1472 | D:2      | Found a shadowy altar of Dithmenos.
  1523 | D:2      | epen: "НЕУМРИ"
  1531 | D:2      | Reached XP level 4. HP: 24/24 MP: 13/13
  1775 | D:3      | Noticed Ijyb
  1784 | D:3      | Killed Ijyb
  1784 | D:3      | Reached skill level 1 in Fighting
  1935 | D:3      | Reached XP level 5. HP: 29/29 MP: 14/15
  2370 | D:3      | Noticed a phantom
  2477 | D:3      | Killed a phantom
  2477 | D:3      | Reached XP level 6. HP: 35/35 MP: 4/17
  3041 | D:4      | You fall through a shaft for 2 floors!
  3092 | D:6      | Reached skill level 5 in Conjurations
  3092 | D:6      | Reached XP level 7. HP: 37/40 MP: 18/19
  3612 | D:6      | Found a hide-covered altar to Ukayaw.
  3619 | D:6      | Yehuk: а что случилось с тем зиггурером?
  3630 | D:5      | Entered Level 5 of the Dungeon
  3876 | D:5      | Reached skill level 5 in Dodging
  4111 | D:4      | namelastname112: ничего не случилось
  4111 | D:4      | namelastname112: стоит себе
  4129 | D:4      | Noticed Eustachio
  4154 | D:4      | Yehuk: разве можно вести несколько персонажей одновременнно?
  4155 | D:4      | Yehuk: на одной версии
  4155 | D:4      | namelastname112: он на 0.18
  4171 | D:4      | Yehuk: это все объясняет
  4179 | D:4      | namelastname112: мммм
  4179 | D:4      | namelastname112: бук оф флеймс
  4179 | D:4      | namelastname112: всем пизда
  4179 | D:4      | namelastname112: если ща не сдохну
  4298 | D:4      | Learned a level 4 spell: Sticky Flame
  4304 | D:4      | Learned a level 5 spell: Fireball
  4323 | D:4      | Killed Eustachio
  4323 | D:4      | Reached skill level 1 in Fire Magic
  4323 | D:4      | Reached XP level 8. HP: 29/46 MP: 17/21
  4467 | D:4      | grom234: решил я значит попробовать зиги почистить, два панлорда объяснили что так делать не стоит SeemsGood
  4594 | D:4      | Reached skill level 2 in Fire Magic
  4642 | D:4      | namelastname112: лол
  4642 | D:4      | namelastname112: кем ты решил зиги почистить?
  4729 | D:4      | grom234: mibe
  4755 | D:4      | Noticed Grinder
  4775 | D:4      | Killed Grinder
  4775 | D:4      | Reached skill level 3 in Fire Magic
  4914 | D:4      | namelastname112: бля
  4914 | D:4      | namelastname112: я могу ща прерваться
  4914 | D:4      | namelastname112: с этим чаром
  4914 | D:4      | namelastname112: и показать
  4914 | D:4      | namelastname112: почему не стоит чистить зиги мибе
  4914 | D:4      | namelastname112: и как их надо чистить
  4919 | D:4      | Noticed Menkaure
  4921 | D:4      | Killed Menkaure
  4926 | D:4      | Reached skill level 4 in Fire Magic
  4950 | D:4      | Found a radiant altar of Vehumet.
  4959 | D:4      | grom234: Да я уже понял, торментор объяснил тоже не плохо
  4959 | D:4      | Became a worshipper of Vehumet
  5064 | D:4      | namelastname112: ща
  5064 | D:4      | namelastname112: епен все равно в магаз ушел
  5197 | D:5      | Reached XP level 9. HP: 51/52 MP: 19/23
  5307 | D:5      | Found an ancient bone altar of Kikubaaqudgha.
  5592 | D:5      | Found a staircase to the Ecumenical Temple.
  5594 | D:5      | Reached skill level 5 in Fire Magic
  5633 | D:5      | Found an iron altar of Okawaru.
  6571 | D:6      | Reached * piety under Vehumet
  6571 | D:6      | Offered knowledge of Freeze by Vehumet.
  6793 | D:6      | Found a burning altar of Makhleb.
  6996 | D:7      | Noticed Joseph
  7005 | D:7      | Killed Joseph
  7005 | D:7      | Reached skill level 6 in Fire Magic
  7232 | D:7      | Noticed Dowan
  7244 | D:7      | Noticed Duvessa
  7249 | D:7      | Killed Duvessa
  7250 | D:7      | Killed Dowan
  7500 | D:7      | Found a hazy altar of Hepliaklqana.
  7830 | D:7      | Found a deep blue altar of Sif Muna.
  8062 | D:7      | Reached XP level 10. HP: 58/58 MP: 25/25
  8074 | D:7      | Found a sacrificial altar of Ru.
  8493 | D:8      | Reached skill level 7 in Fire Magic
  8501 | D:8      | Gained mutation: You possess an exceptional clarity of mind. [mutagenic meat]
  8502 | D:8      | Gained mutation: Scrolls take you a little longer to read. [mutagenic meat]
  8503 | D:8      | Gained mutation: You tend to lose your temper in combat. [mutagenic meat]
  8504 | D:8      | Gained mutation: Your spells are a little easier to cast, but a little less powerful. [mutagenic meat]
  8594 | D:8      | Found a staircase to the Lair.
  8652 | D:8      | Reached ** piety under Vehumet
  8654 | D:8      | Offered knowledge of Sting by Vehumet.
  8657 | D:8      | Reached skill level 5 in Fighting
  9289 | D:8      | Found a glowing silver altar of Zin.
  9774 | D:9      | Found a white marble altar of Elyvilon.
  9795 | D:9      | Found a blossoming altar of Fedhas.
  9848 | D:9      | Reached skill level 8 in Fire Magic
  9857 | D:9      | Gained mutation: You are robust. (+10% HP) [mutagenic meat]
  9858 | D:9      | Gained mutation: You have sharp toenails. [mutagenic meat]
  9859 | D:9      | Gained mutation: You are surrounded by a mild repulsion field. (EV +2) [mutagenic meat]
  9860 | D:9      | Gained mutation: Scrolls take you longer to read. [mutagenic meat]
  9861 | D:9      | Gained mutation: You have a pair of small antennae on your head. [mutagenic meat]
  9946 | D:9      | Offered knowledge of Static Discharge by Vehumet.
 10335 | D:9      | Found a bloodstained altar of Trog.
 10337 | D:9      | Noticed a death knight
 10356 | D:9      | Killed a death knight
 10627 | D:9      | Reached skill level 10 in Spellcasting
 10752 | D:9      | Reached *** piety under Vehumet
 10766 | D:9      | Reached skill level 9 in Fire Magic
 11048 | D:9      | Found a snail-covered altar of Cheibriados.
 11064 | D:9      | Found a glowing golden altar of the Shining One.
 11115 | D:10     | Entered Level 10 of the Dungeon
 11768 | D:10     | Reached XP level 11. HP: 70/70 MP: 27/27
 11771 | D:10     | Noticed a tengu warrior
 11774 | D:10     | Noticed a hill giant
 11775 | D:10     | Killed a tengu warrior
 11778 | D:10     | Killed a hill giant
 11858 | D:10     | Offered knowledge of Stone Arrow by Vehumet.
 12085 | D:10     | Noticed a hill giant
 12225 | D:10     | Killed a hill giant
 12351 | D:10     | Found a staircase to the Orcish Mines.
 12665 | D:10     | Reached skill level 10 in Fire Magic
 12876 | D:10     | Noticed a hill giant
 12882 | D:10     | Killed a hill giant
 12958 | D:10     | namelastname112: бля
 12958 | D:10     | namelastname112: вентилятор сдыхает
 12958 | D:10     | namelastname112: надо будет починить на днях
 12958 | D:10     | namelastname112: а то я сдохну вместе с ним
 13171 | D:11     | Noticed a hill giant
 13175 | D:11     | Killed a hill giant
 13326 | D:11     | Reached **** piety under Vehumet
 13488 | D:11     | Offered knowledge of Venom Bolt by Vehumet.
 13956 | D:11     | Reached skill level 10 in Dodging
 13956 | D:11     | Reached skill level 10 in Conjurations
 13958 | D:11     | Noticed a cyan ugly thing
 14127 | D:11     | Killed a cyan ugly thing
 14184 | D:11     | Lost mutation: You are surrounded by a mild repulsion field. (EV +2) [mutagenic meat]
 14185 | D:11     | Gained mutation: You are partially covered in large bone plates. (AC +2, SH +2) [mutagenic meat]
 14186 | D:11     | Gained mutation: Your spells are easier to cast, but less powerful. [mutagenic meat]
 14311 | D:11     | namelastname112: говно вместо мутаций
 14704 | D:11     | Reached skill level 11 in Fire Magic
 14704 | D:11     | Reached XP level 12. HP: 78/78 MP: 11/29
 15515 | D:12     | grom234: BabyRage
 15719 | D:12     | Reached ***** piety under Vehumet
 15882 | D:12     | Lost mutation: Scrolls take you longer to read. [helix card]
 15969 | D:12     | Noticed a centaur warrior
 16080 | D:12     | Hired Blodwig the orc knight for 599 gold.
 16104 | D:12     | Noticed Harold
 16105 | D:12     | Killed a centaur warrior
 16116 | D:12     | Your ally Blodwig died
 16132 | D:12     | grom234: чому кнаит дружелюбный и с именем?
 16138 | D:11     | namelastname112: карту вытянл
 16138 | D:11     | namelastname112: вытянул*
 16359 | D:11     | Offered knowledge of Bolt of Magma by Vehumet.
 16491 | D:12     | Killed Harold
 16989 | D:12     | Noticed a centaur warrior
 16992 | D:12     | Killed a centaur warrior
 16992 | D:12     | Reached skill level 12 in Fire Magic
 17719 | D:13     | Gained mutation: You are somewhat resistant to further mutation. [potion of mutation]
 17720 | D:13     | Lost mutation: You are robust. (+10% HP) [potion of mutation]
 17720 | D:13     | Lost mutation: You tend to lose your temper in combat. [potion of mutation]
 17721 | D:13     | Lost mutation: Your spells are easier to cast, but less powerful. [potion of cure mutation]
 17721 | D:13     | Lost mutation: You are somewhat resistant to further mutation. [potion of cure mutation]
 17721 | D:13     | Lost mutation: Scrolls take you a little longer to read. [potion of cure mutation]
 17721 | D:13     | Lost mutation: Your spells are a little easier to cast, but a little less powerful. [potion of cure mutation]
 17721 | D:13     | Lost mutation: You have a pair of small antennae on your head. [potion of cure mutation]
 17721 | D:13     | Lost mutation: You have sharp toenails. [potion of cure mutation]
 17722 | D:13     | namelastname112: во
 17722 | D:13     | namelastname112: заебись
 18131 | D:13     | Noticed a yaktaur captain
 18152 | D:13     | Killed a yaktaur captain
 18831 | D:13     | Reached XP level 13. HP: 66/77 MP: 18/31
 19299 | D:13     | Found a gate to the Vaults.
 19671 | D:14     | Reached skill level 13 in Fire Magic
 20583 | D:14     | Found a shimmering altar of Xom.
 20787 | D:14     | Offered knowledge of Delayed Fireball by Vehumet.
 21865 | D:15     | Entered Level 15 of the Dungeon
 22219 | Orc:1    | Entered Level 1 of the Orcish Mines
 22286 | Orc:1    | Noticed Maurice
 22293 | Orc:1    | Killed Maurice
 22708 | Orc:1    | Offered knowledge of Poisonous Cloud by Vehumet.
 22835 | Orc:1    | Found Lehaofeg's Gadget Emporium.
 22878 | Orc:2    | Entered Level 2 of the Orcish Mines
 22967 | Orc:2    | Found a staircase to the Elven Halls.
 23313 | Orc:1    | Reached skill level 1 in Shields
 23665 | Orc:2    | Noticed Rupert
 23673 | Orc:2    | Noticed Maud
 24235 | Orc:2    | Wingboner: Руперту PREEGORELO
 24307 | Orc:2    | Killed Maud
 24307 | Orc:2    | Reached XP level 14. HP: 45/84 MP: 10/33
 24499 | Orc:2    | namelastname112: я кстати хз
 24499 | Orc:2    | namelastname112: умер он
 24499 | Orc:2    | namelastname112: или как
 24531 | Orc:2    | Wingboner: Посмотри в ?:
 24537 | Orc:2    | namelastname112: блять
 24537 | Orc:2    | namelastname112: уже необязательно
 24537 | Orc:2    | Wingboner: Не умер, лол.
 24551 | Orc:2    | namelastname112: он отказывается умирать
 24824 | Orc:2    | Reached skill level 14 in Fire Magic
 24851 | Orc:2    | Noticed an orc warlord
 24882 | Orc:2    | Paralysed by Rupert for 7 turns
 24884 | Orc:2    | Found Meoqoff's Antique Armour Boutique.
 24884 | Orc:2    | Found Gotapraje's Antique Weapon Shop.
 24889 | Orc:2    | namelastname112: мммм блять
 24889 | Orc:2    | namelastname112: все
 24889 | Orc:2    | namelastname112: приехали
 24889 | Orc:2    | namelastname112: конечная нахуй
 24889 | Orc:2    | Wingboner: Теле?
 24889 | Orc:2    | namelastname112: нету
 24889 | Orc:2    | Wingboner: Инвиз
 24889 | Orc:2    | Wingboner: Страх
 24889 | Orc:2    | Wingboner: Буратиновка
 24890 | Orc:2    | namelastname112: ммм
 24890 | Orc:2    | namelastname112: ну это финиш
 24890 | Orc:2    | Wingboner: Ну понятно.
 24891 | Orc:2    | Wingboner: СЛушааай
 24891 | Orc:2    | Wingboner: А в магазинах там что?
 24891 | Orc:2    | namelastname112: я уже не узнаю
 24891 | Orc:2    | Wingboner: Вдруг теле и страх купить, лол.
 24891 | Orc:2    | grom234: >tree
 24891 | Orc:2    | namelastname112: плюс тут магаз брони
 24891 | Orc:2    | namelastname112: и оружия
 24891 | Orc:2    | namelastname112: то есть нихуя полезного
 24894 | Orc:2    | Found Touret's General Store.
 24894 | Orc:2    | Found Jixec's Book Boutique.
 24896 | Orc:2    | Killed from afar by an orc priest

Vault maps used:
D:1:      minmay_arrival_up_and_down, xom_teletrap_fun
D:2:      grunt_dithmenos_smoke_and_mirrors
D:3:      uniq_iyjb
D:4:      lemuel_coloured_pillars_altar, first_bread, dk_noncrumbling_4,
          uniq_eustachio, uniq_menkaure, uniq_grinder
D:5:      okawaru_metal_pillars_1_2, lemuel_crystal_altar,
          minmay_temple_entry_large_hall, minmay_strange_pillars,
          minmay_misc_feat_square
D:6:      kennysheep_little_box, old_standard_altar
D:7:      overflow_temple_1_default, marbit_many_paths, kennysheep_mini,
          uniq_joseph, uniq_duvessa
D:8:      zin_scriptorium, due_lair_maze_entry_diamond, the_bakery
D:9:      fedhas_bush_and_centaur_altar, nicolae_overflow_crystal_walls,
          minitemple, basic_altar
D:10:     kennysheep_orc_monster_closet_entryway
D:12:     uniq_harold
D:13:     david_vaults_2, minivault_7
D:14:     hangedman_abyss_or_decor_jellyfish_corner, special_room, basic_altar
D:15:     gammafunk_depths_entry_grave, wad_floor_pattern_1, serial_bayou_pond_d
Orc:1:    serial_shops, shop, uniq_maurice
Orc:2:    st_orc_congregation, uniq_maud, uniq_rupert

Skill      XL: |  1  2  3  4  5  6  7  8  9 10 11 12 13 14 |
---------------+-------------------------------------------+-----
Conjurations   | 2 3 4 5 6 7 8 9 10 11 12 | 12.0
Spellcasting   | 5 6 7 8 9 10 11 12 13 | 13.9
Fighting       | 1 2 3 4 5 6 7 8 |  8.6
Dodging        | 3 4 5 6 7 9 10 11 12 | 12.5
Fire Magic     | 1 4 6 9 11 12 13 14 | 14.0
Shields        | 1 2 |  2.0
Stealth        | |  2.4
Summonings     | |  1.1
Translocations | |  1.1

Action                   |  1- 3 |  4- 6 |  7- 9 | 10-12 | 13-15 || total
-------------------------+-------+-------+-------+-------+-------++-------
Melee: Dagger            |    10 |       |       |       |       ||    10
       Spear             |       |     4 |    58 |       |       ||    62
       Short sword       |       |       |     1 |    49 |     7 ||    57
Throw: Throwing net      |       |       |       |     4 |       ||     4
 Cast: Magic Dart        |    94 |   166 |   192 |    14 |     4 ||   470
       Repel Missiles    |     1 |       |     3 |     3 |     4 ||    11
       Mephitic Cloud    |       |     6 |     6 |       |       ||    12
       Conjure Flame     |       |     6 |     3 |     1 |     2 ||    12
       Blink             |       |     6 |     1 |     7 |    19 ||    33
       Sticky Flame      |       |       |    17 |    29 |    25 ||    71
       Fireball          |       |       |    57 |   344 |   247 ||   648
Evoke: Wand              |       |       |     2 |     4 |     2 ||     8
       Deck              |       |       |       |     6 |       ||     6
  Use: Scroll            |       |     8 |     1 |    13 |     6 ||    28
       Potion            |       |       |       |     5 |     5 ||    10
 Stab: Sleeping          |       |       |     1 |     1 |       ||     2
       Held in net/web   |       |       |       |     2 |       ||     2
  Eat: Chunk             |     2 |     4 |    20 |    48 |    10 ||    84
       Meat ration       |       |       |     1 |     4 |       ||     5
       Fruit             |       |       |     1 |     2 |       ||     3
       Pizza             |       |       |       |     1 |     1 ||     2
       Bread ration      |       |       |       |     1 |       ||     1
       Royal jelly       |       |       |       |       |     5 ||     5
Armor: Robe              |     7 |     6 |    19 |    14 |    12 ||    58
       Skin              |       |       |       |       |     1 ||     1
Dodge: Dodged            |    25 |    52 |   139 |    97 |    60 ||   373
       Deflected         |       |     1 |     2 |     8 |    10 ||    21
Block: Other             |       |       |       |     5 |     3 ||     8
